 Dungeon Crawl Stone Soup version 0.31.0-32-g396128a36d (webtiles) character file.

Game seed: 13125242972808385261

3798 aspi the Thrower (level 10, -6/111 HPs)
             Began as an Oni Monk on Mar 30, 2024.
             Was a Believer of Uskayaw.
             Mangled by a two-headed ogre
             ... wielding a +0 giant club
              (16 damage)
             ... on level 9 of the Dungeon.
             The game lasted 00:23:55 (8810 turns).

aspi the Thrower (Oni Monk)                         Turns: 8810, Time: 00:23:56

Health: -6/111     AC:  3    Str: 21    XL:     10   Next: 16%
Magic:  7/10       EV: 10    Int: 11    God:    Uskayaw [**....]
Gold:   1310       SH:  0    Dex: 11    Spells: 9/9 levels left

rFire   + . .        w - +1 hand axe (elec)
rCold   + . .        d - orb {light}
rNeg    . . .        b - +0 robe
rPois   .            (helmet restricted)
rElec   .            v - scarf {rC+ rF+}
rCorr   .            (gloves unavailable)
SInv    .            (boots unavailable)
Will    +....        (no amulet)
Stlth   +            (no ring)
HPRegen 0.38/turn    (no ring)
MPRegen 0.12/turn

%: no passive effects
@: glowing, studying Maces & Flails
A: large, unfitting armour, horns 1, tough skin 1, double potion healing,
drunken brawling
a: Renounce Religion, Stomp, Line Pass


You were on level 9 of the Dungeon.
You worshipped Uskayaw.
Uskayaw was noncommittal.
You visited 2 branches of the dungeon, and saw 10 of its levels.

You collected 1310 gold pieces.

Inventory:

Hand Weapons
 w - a +1 hand axe of electrocution (weapon)
Missiles
 g - 41 stones (quivered)
 x - 2 throwing nets
Armour
 b - a +0 robe (worn)
 d - an orb of light (worn)
 h - a +0 cloak
 v - a scarf of resistance (worn)
Jewellery
 j - the ring "Ytufin" {*Corrode Fly rPois Str+2 SInv}
   (You acquired it on level 1 of the Dungeon)

   [ring of poison resistance]

   Str+2:     It affects your strength (+2).
   rPois:     It protects you from poison SInv: It lets you see invisible.
   Fly:       It grants you flight.
   *Corrode:  It may corrode you when you take damage.
 A - a +6 ring of intelligence
Wands
 f - a wand of quicksilver (5)
Scrolls
 c - a scroll of blinking
 k - 2 scrolls of teleportation
 l - 2 scrolls of enchant armour {unknown}
 m - a scroll of revelation
 o - a scroll of poison
 p - a scroll of fog {unknown}
 q - a scroll of amnesia
 r - a scroll of torment {unknown}
 s - 2 scrolls of vulnerability {unknown}
 y - 2 scrolls of immolation {unknown}
Potions
 a - a potion of degeneration {unknown}
 e - a potion of lignification
 i - a potion of attraction {unknown}
 n - a potion of brilliance
 u - a potion of invisibility {unknown}


   Skills:
 - Level 10.3 Fighting
 - Level 6.0 Axes
 + Level 11.1 Throwing
 - Level 2.6 Dodging


You had 9 spell levels left.
You didn't know any spells.
Your spell library contained the following spells:

 Spells                   Type           Power      Damage    Failure   Level
 Apportation              Tloc           0%         N/A       34%         1
 Freeze                   Ice            0%         1d3       34%         1
 Magic Dart               Conj           0%         1d3       34%         1
 Necrotise                Necr           0%         1d4       34%         1
 Sting                    Conj/Alch      0%         1d3       34%         1
 Summon Small Mammal      Summ           0%         N/A       34%         1
 Searing Ray              Conj           0%         2d4       47%         2
 Frozen Ramparts          Ice            0%         1d1       71%         3
 Hailstorm                Conj/Ice       0%         3d5       71%         3
 Fulminant Prism          Conj/Alch      0%         3d5       98%         4
 Vhi's Electric Charge    Tloc/Air       0%         N/A       98%         4
 Arcjolt                  Conj/Air       0%         1d10      100%        5
 Plasma Beam              Fire/Air       0%         2x1d10    100%        6
 Sculpt Simulacrum        Ice/Alch       0%         N/A       100%        6
 Ozocubu's Refrigeration  Ice            0%         4d7       100%        7
 Maxwell's Capacitive Co  Air            0%         ∞         100%        8
 Polar Vortex             Ice            0%         N/A       100%        9


Dungeon Overview and Level Annotations

Branches:
Dungeon (9/15)             Temple (1/1) D:4
   Lair: D:8-11         Orc: D:9-12

Altars:
Ashenzari
Cheibriados
Dithmenos
Elyvilon
Fedhas
Hepliaklqana
Kikubaaqudgha
Makhleb
Nemelex Xobeh
Okawaru
Qazlal
Ru
Sif Muna
Trog
Uskayaw
Vehumet
Wu Jian
Xom
Yredelemnul
The Shining One


Innate Abilities, Weirdness & Mutations

You are too large for most types of armour.
You have a pair of small horns on your head.
You have tough skin. (AC +1)
You gain doubled healing and magic from potions.
Whenever you drink a healing potion, you attack all around you.


Message History

An orc comes into view. It is wielding a +0 dagger.
Okay, then.
Okay, then.
Okay, then.
Okay, then.
You stomp with the beat, sending a shockwave through the revellers around you!
You can no longer stomp with the beat.
The orc wizard hits you but does no damage.
Things that are here:
a +0 short sword; an orc corpse You hit the orc wizard.
Lightning courses through the orc wizard!
You kill the orc wizard!
Reactivating autopickup.
You hit the two-headed ogre but do no damage.
You headbutt the two-headed ogre!
The two-headed ogre is lightly wounded.
You hit the orc.
The two-headed ogre hits you with a +0 giant club!
The two-headed ogre barely misses you. The orc hits you with a +0 dagger.
You can now stomp with the beat.
You slash the two-headed ogre! You headbutt the two-headed ogre.
The two-headed ogre is moderately wounded.
You hit the orc. Lightning courses through the orc!
You kill the orc!
The two-headed ogre hits you with a +0 giant club!
The two-headed ogre hits you with a +0 giant spiked club!!
* * * LOW HITPOINT WARNING * * *
You hear a shout!
You can now pass through a line of other dancers.
Okay, then.
You hit the two-headed ogre.
The two-headed ogre is moderately wounded.
You hear a shout!
You slash the two-headed ogre! You headbutt the two-headed ogre.
The two-headed ogre is heavily wounded.
The two-headed ogre hits you with a +0 giant club!
* * * LOW HITPOINT WARNING * * *
The two-headed ogre hits you with a +0 giant spiked club!
You die...

... .. #... .. #....#
.# ## #....# ..# .#
#....######..# .#
#.........O..# .#
#.......@)..# .#
#...........# .#
#...........#
.########.).........#
....#...†...........#
#...#.###.............
##.>..#
#............## ######
########'###.# .# .#


You could see a two-headed ogre.

Vanquished Creatures
  A wyvern (D:7)
  A steam dragon (D:8)
  Grum (D:9)
  2 water moccasins (D:6)
  An ice beast (D:7)
  2 orc warriors (D:9)
  2 elephant zombies (D:8)
  2 black bears (D:6)
  4 wolves (D:9)
  2 centaurs (D:7)
  A phantom (D:6)
  An elf zombie (D:8)
  A kobold brigand (D:9)
  5 killer bees (D:8)
  3 electric eels (D:7)
  4 howler monkeys
  A centaur zombie (D:8)
  A human zombie (D:8)
  Crazy Yiuf (D:2)
  4 bombardier beetles
  2 orc priests
  A gnoll bouda (D:7)
  3 jellies
  Jessica (D:2)
  Ijyb (D:3)
  Natasha (thrice) (D:4)
  4 iguanas
  2 sleepcaps (D:6)
  A scorpion zombie (D:8)
  8 orc wizards
  A killer bee zombie (D:8)
  6 hound zombies (D:8)
  A howler monkey zombie (D:8)
  4 gnolls (D:7)
  13 adders
  5 shadow imps
  3 white imps
  2 ufetubi (D:7)
  An adder zombie (D:8)
  2 dart slugs
  2 ribbon worms
  35 orcs
  4 bats
  2 bat zombies (D:4)
  4 endoplasms
  A giant cockroach (D:1)
  5 goblins
  8 hobgoblins
  3 jackals (D:1)
  5 ball pythons
  6 frilled lizards
  A frilled lizard zombie (D:4)
  8 kobolds
  3 rats
191 creatures vanquished.

Notes
Turn   | Place    | Note
-------+----------+-------------------------------------------
     0 | D:1      | aspi the Oni Monk began the quest for the Orb.
     0 | D:1      | Reached XP level 1. HP: 24/24 MP: 1/1
    69 | D:1      | Reached XP level 2. HP: 19/32 MP: 2/2
   247 | D:1      | You fall into a shaft and drop 1 floor!
   295 | D:2      | Reached XP level 3. HP: 33/39 MP: 3/3
   339 | D:2      | Reached XP level 4. HP: 37/48 MP: 4/4
   419 | D:2      | Noticed Jessica
   423 | D:2      | Killed Jessica
   424 | D:2      | Reached skill level 5 in Axes
   681 | D:2      | Reached XP level 5. HP: 54/54 MP: 5/5
   812 | D:1      | Identified a scroll of acquirement
   812 | D:1      | Acquired the ring "Ytufin" {*Corrode Fly rPois Str+2 SInv}
  1285 | D:2      | Found a runed translucent door.
  1286 | D:2      | Noticed Crazy Yiuf
  1292 | D:2      | Killed Crazy Yiuf
  1744 | D:3      | Noticed Ijyb
  1754 | D:3      | Killed Ijyb
  1755 | D:3      | Reached skill level 5 in Fighting
  1755 | D:3      | Reached XP level 6. HP: 37/66 MP: 6/6
  2357 | D:4      | Found an ornate altar of the Wu Jian Council.
  2666 | D:4      | Reached XP level 7. HP: 48/78 MP: 7/7
  2837 | D:4      | Noticed Natasha
  2843 | D:4      | Killed Natasha
  2847 | D:4      | Found a staircase to the Ecumenical Temple.
  2858 | Temple   | Entered the Ecumenical Temple
  2871 | Temple   | Became a worshipper of Uskayaw the Reveller
  2871 | Temple   | Reached * piety under Uskayaw
  2947 | D:4      | Noticed Natasha
  2953 | D:4      | Reached ** piety under Uskayaw
  2954 | D:4      | Killed Natasha
  3004 | D:4      | Noticed Natasha
  3010 | D:4      | Killed Natasha
  3037 | D:4      | Found an ancient bone altar of Kikubaaqudgha.
  3240 | D:5      | Entered Level 5 of the Dungeon
  3571 | D:5      | Found a broken altar of Ashenzari.
  3571 | D:5      | Found a basalt altar of Yredelemnul.
  4226 | D:6      | Reached *** piety under Uskayaw
  4231 | D:6      | Reached **** piety under Uskayaw
  4240 | D:6      | Reached ***** piety under Uskayaw
  4251 | D:6      | Reached XP level 8. HP: 32/93 MP: 8/8
  4253 | D:6      | Reached skill level 10 in Fighting
  4472 | D:6      | Reached skill level 1 in Throwing
  4513 | D:6      | Reached skill level 3 in Throwing
  4925 | D:6      | Reached skill level 4 in Throwing
  5683 | D:7      | Reached skill level 5 in Throwing
  5880 | D:7      | Reached skill level 6 in Throwing
  6045 | D:7      | Reached XP level 9. HP: 87/102 MP: 9/9
  6358 | D:7      | Reached skill level 7 in Throwing
  7175 | D:8      | Reached skill level 8 in Throwing
  7290 | D:8      | Reached ****** piety under Uskayaw
  7615 | D:8      | Reached skill level 9 in Throwing
  7628 | D:8      | Found a shimmering blue altar of Sif Muna.
  7944 | D:8      | Found an iron altar of Okawaru.
  7971 | D:8      | Found an ancient bone altar of Kikubaaqudgha.
  8368 | D:9      | Reached skill level 10 in Throwing
  8447 | D:9      | Reached XP level 10. HP: 77/111 MP: 10/10
  8638 | D:9      | Noticed Grum
  8661 | D:9      | Reached skill level 11 in Throwing
  8667 | D:9      | Killed Grum
  8802 | D:9      | Noticed a two-headed ogre
  8810 | D:9      | Mangled by a two-headed ogre

Illustrated notes

Levels and vault maps discovered:
D:1:      scummos_arrival_hexagon, layout_rooms
D:2:      layout_loops_cross, uniq_crazy_yiuf_cottage, uniq_jessica
D:3:      minmay_chambers_of_threes, layout_basic, uniq_ijyb
D:4:      layout_cave_pools, lemuel_zombie_altar_kikubaaqudgha,
          old_standard_altar, minmay_temple_entry_tees, uniq_natasha
D:5:      layout_basic, gammafunk_temple_overflow_pools, kennysheep_another_room
D:6:      layout_basic
D:7:      layout_basic, serial_bayou, serial_bayou_pond_c,
          serial_bayou_lagoon_b, serial_bayou_lake_a, serial_bayou_ford_a,
          st_stairs_10, minivault_4, nicolae_grassy_gnolls
D:8:      layout_loops_ring, okawaru_gym_becter,
          mainiacjoe_overflow_cross_hatched, roadster_capsule_ark_zombie
D:9:      layout_basic, uniq_grum, uniq_gastronok
Temple:   dpeg_chambers_temple

Skill      XL: |  1  2  3  4  5  6  7  8  9 10 |
---------------+-------------------------------+-----
Axes           | 4 5 6 |  6.0
Fighting       | 5 7 9 10 | 10.3
Throwing       | 6 10 11 | 11.1
Dodging        | |  2.6

Action                     |  1- 3 |  4- 6 |  7- 9 | 10-12 || total
---------------------------+-------+-------+-------+-------++-------
  Melee: Hand axe          |    34 |   153 |   320 |    39 ||   546
         Headbutt          |     6 |    38 |    90 |     8 ||   142
  Throw: Stone             |     8 |     8 |    16 |       ||    32
 Invoke: Stomp             |       |       |     2 |     1 ||     3
    Use: Potion            |     1 |     2 |     9 |     2 ||    14
         Scroll            |       |     8 |     9 |       ||    17
   Stab: Paralysed         |       |       |    20 |     3 ||    23
 Armour: Robe              |    19 |    87 |   284 |    34 ||   424
  Dodge: Dodged            |    13 |    84 |   142 |    19 ||   258
